 Dungeon Crawl Stone Soup version 0.20.0-8-g6b59dc7 (webtiles) character file.

40438 Kriby the Severer (level 13, -7/125 HPs)
             Began as a Minotaur Berserker on May 30, 2017.
             Was a High Priest of Trog.
             Mangled by a death yak (22 damage)
             ... on level 5 of the Lair of Beasts.
             The game lasted 00:19:37 (16924 turns).

Kriby the Severer (Minotaur Berserker)             Turns: 16924, Time: 00:19:38

Health: -7/125     AC: 12    Str: 25    XL:     13   Next: 74%
Magic:  12/12      EV: 21    Int:  5    God:    Trog [*****.]
Gold:   1099       SH:  0    Dex: 11    Spells: 12/12 levels left

rFire    . . .     SeeInvis .   C - +3 battleaxe (chop)
rCold    . . .     Gourm    .   (shield currently unavailable)
rNeg     . . .     Faith    .   n - +3 steam dragon scales
rPois    +         Spirit   .   F - +2 hat {MR+}
rElec    .         Reflect  .   (no cloak)
rCorr    .         Harm     .   (no gloves)
MR       +....     Clarity  +   (no boots)
Stlth    +.........             M - amulet of regeneration
Regen    0.7/turn               g - +2 ring of evasion
MPRegen  0.2/turn               r - +2 ring of evasion

@: berserk cooldown, hasted and slowed
A: retaliatory headbutt, horns 2, clarity, poison resistance
a: Berserk, Trog's Hand, Brothers in Arms, Burn Spellbooks, Renounce Religion


You were on level 5 of the Lair of Beasts.
You worshipped Trog.
Trog was extremely pleased with you.
You were near starving.

You visited 2 branches of the dungeon, and saw 16 of its levels.
You also visited: Labyrinth.

You collected 1099 gold pieces.

Inventory:

Hand Weapons
 y - a +2 hand axe of venom
 C - a +3 battleaxe of chopping (weapon)
 D - a +1 executioner's axe of chopping
Armour
 m - a +0 buckler
 n - +3 steam dragon scales (worn)
 F - a +2 hat of magic resistance (worn)
Jewellery
 g - a +2 ring of evasion (left hand)
 q - an uncursed ring of magical power
 r - a +2 ring of evasion (right hand)
 z - an uncursed ring of poison resistance
 I - an uncursed ring of stealth
 M - an amulet of regeneration (around neck)
 O - an uncursed ring of positive energy
 R - a +4 ring of strength
 T - an uncursed ring of positive energy
Wands
 a - a wand of iceblast (9/15)
 l - a wand of iceblast (8/15)
 p - a wand of enslavement (10/24)
 s - a wand of acid (10/15)
 E - a wand of digging (13/24)
 L - a wand of acid (6/15)
 Q - a wand of polymorph (13/24)
 S - a wand of acid (6/15)
 U - a wand of confusion (19/48)
 X - a wand of disintegration (1/24)
 Y - a wand of paralysis (16/24)
 Z - a wand of confusion (9/48)
Scrolls
 d - 2 scrolls of recharging {unknown}
 e - 13 scrolls of identify
 o - 14 scrolls of teleportation
 t - a scroll of immolation
 w - a scroll of fear {unknown}
 x - 6 scrolls of remove curse
 B - 2 scrolls of fog
 H - 2 scrolls of enchant weapon {unknown}
 N - a scroll of silence {unknown}
 P - a scroll of blinking {unknown}
Potions
 b - 3 potions of lignification
 f - 11 potions of curing
 i - a potion of haste
 j - 2 potions of flight
 k - 6 potions of agility
 J - 2 potions of mutation
Books
 K - a book of Power

   Spells                             Type                      Level
   a - Iskenderun's Battlesphere      Conjuration/Charms           5
   b - Venom Bolt                     Conjuration/Poison           5
   c - Bolt of Magma                  Conjuration/Fire/Earth       5
   d - Iron Shot                      Conjuration/Earth            6
   e - Orb of Destruction             Conjuration                  7
   f - Spellforged Servitor           Conjuration/Summoning        7
   Trog disapproves of the use of such an item.
 V - a book of Burglary

   Spells                             Type                      Level
   a - Swiftness                      Charms/Air                   2
   b - Passwall                       Transmutation/Earth          2
   c - Passage of Golubria            Translocation                4
   d - Lee's Rapid Deconstruction     Earth                        5
   e - Darkness                       Hexes                        6
   f - Invisibility                   Hexes                        6
   Trog disapproves of the use of such an item.
 W - a book of Summonings

   Spells                             Type                      Level
   a - Recall                         Summoning/Translocation      3
   b - Aura of Abjuration             Summoning                    5
   c - Summon Demon                   Summoning                    5
   d - Summon Forest                  Summoning/Translocation      5
   e - Summon Mana Viper              Hexes/Summoning              5
   f - Shadow Creatures               Summoning                    6
   Trog disapproves of the use of such an item.
Comestibles
 c - 7 bread rations
 h - 22 fruits
 v - 6 meat rations
 G - 6 royal jellies


   Skills:
 + Level 14.8 Fighting
 * Level 18.5 Axes
 + Level 9.6 Armour
 + Level 10.6 Dodging


You had 12 spell levels left.
You didn't know any spells.

Dungeon Overview and Level Annotations

Branches:
Dungeon (10/15)            Temple (0/1) D:5            Lair (6/6) D:9
 Shoals (0/4) Lair:2        Snake (0/4) Lair:2        Slime (0/5) Lair:5
    Orc: D:9-12

Altars:
Dithmenos
Kikubaaqudgha
Makhleb
Nemelex Xobeh
Okawaru
Zin
Jiyva


Innate Abilities, Weirdness & Mutations

You reflexively headbutt those who attack you in melee.
You have a pair of horns on your head.
You possess an exceptional clarity of mind.
Your system is resistant to poisons. (rPois)


Message History

* * * LOW HITPOINT WARNING * * *
The death yak gores you but does no damage.
You feel much better. The death yak misses you. You furiously retaliate!
You headbutt the death yak, but do no damage.
The death yak gores you!
* * * LOW HITPOINT WARNING * * *
The death yak gores you but does no damage. x2
The death yak completely misses you.
You feel much better. The death yak misses you.
The death yak closely misses you. You furiously retaliate!
You headbutt the death yak! The death yak gores you!!
* * * LOW HITPOINT WARNING * * *
You feel much better. The death yak completely misses you.
The death yak closely misses you. The death yak gores you!!
* * * LOW HITPOINT WARNING * * *
Okay, then.
Okay, then.
You feel yourself speed up. The death yak closely misses you.
The death yak completely misses you. The death yak gores you!!
You die...

..##............###
...........#.....P###
................P.#.##
.........#..#........#
........#####.......##
##..#.P## #.......##
######## ##.......##
#........###
###@Y......##
#PY.....#.##
#Y>......#.#
##.........#
##........# ##########


You could see 3 death yaks.

Vanquished Creatures
  The ghost of mora the Bludgeoner, a journeyman GrFi of Makhleb (Lair:4)
  A minotaur (Lab)
  Harold (Lair:3)
  2 two-headed ogres
  2 catoblepae
  The ghost of toffzen the Frost Mage, a novice DrIE of Vehumet (Lair:2)
  4 death yaks (Lair:6)
  A skeletal warrior (D:10)
  An unseen horror (D:10)
  A cyclops (D:9)
  5 black mambas
  The ghost of Nightblair the Cleaver, a novice HOFi (D:5)
  4 gargoyles (Lab)
  An elephant (Lair:6)
  7 spiny frogs
  A komodo dragon (shapeshifter) (D:10)
  7 komodo dragons
  A rime drake (Lair:2)
  A troll (D:10)
  A merfolk (Lair:2)
  A polar bear (Lair:3)
  A hornet (D:8)
  Grinder (D:5)
  4 hippogriffs
  18 blink frogs
  Sigmund (D:4)
  3 wyverns
  44 yaks
  Grum (D:10)
  A wraith (D:10)
  A steam dragon (D:9)
  5 nagas (Lair:2)
  Menkaure (D:4)
  8 water moccasins
  2 ice beasts
  6 porcupines
  A black bear (D:10)
  8 necrophages
  3 orc warriors
  4 sky beasts
  2 ogres
  20 wolves
  8 centaurs
  12 crocodiles
  A big kobold (D:9)
  11 bullfrogs
  4 scorpions
  A wyvern skeleton (D:9)
  8 killer bees
  3 wights (D:9)
  A howler monkey (D:10)
  2 crimson imps
  A quasit (D:9)
  2 bullfrog zombies
  9 orc priests
  2 bullfrog skeletons
  9 hounds
  A jelly (D:5)
  2 centaur skeletons
  A gnoll shaman (D:10)
  Ijyb (D:5)
  3 iguanas
  10 orc wizards
  10 worker ants
  A killer bee zombie (D:6)
  12 adders
  14 gnolls
  A howler monkey skeleton (D:7)
  A shadow imp (D:6)
  2 oozes
  An adder skeleton (D:5)
  7 worms
  3 dart slugs (D:1)
  3 leopard geckos
  32 orcs
  8 bats
  7 giant cockroaches
  10 goblins
  11 hobgoblins
  3 jackals
  7 kobolds
  5 quokkas
  A ball python (D:1)
  4 frilled lizards
  A quokka skeleton (D:5)
  8 rats
  3 fungi
  4 plants
431 creatures vanquished.

Vanquished Creatures (collateral kills)
  A hydra (Lair:5)
1 creature vanquished.

Vanquished Creatures (others)
  A wolf (Lair:6)
  5 fungi
  2 plants
8 creatures vanquished.

Grand Total: 440 creatures vanquished

Notes
Turn   | Place    | Note
-------+----------+-------------------------------------------
     0 | D:1      | Kriby the Minotaur Berserker began the quest for the Orb.
     0 | D:1      | Reached XP level 1. HP: 19/19 MP: 0/0
   117 | D:1      | Reached skill level 4 in Axes
   126 | D:1      | Reached XP level 2. HP: 17/27 MP: 1/1
   888 | D:1      | Reached XP level 3. HP: 34/34 MP: 2/2
  1051 | D:2      | Reached ** piety under Trog
  1700 | D:2      | Reached skill level 5 in Axes
  1726 | D:2      | You fall through a shaft!
  1760 | D:3      | Reached XP level 4. HP: 41/41 MP: 3/3
  2001 | D:3      | Reached skill level 5 in Fighting
  2061 | D:3      | Reached XP level 5. HP: 48/48 MP: 4/4
  2222 | D:3      | Reached skill level 6 in Axes
  2276 | D:3      | Found a glowing drain.
  2340 | D:3      | Found an ancient bone altar of Kikubaaqudgha.
  2340 | D:3      | Found a shadowy altar of Dithmenos.
  2479 | D:4      | Noticed Menkaure
  2484 | D:4      | Killed Menkaure
  2613 | D:4      | Reached skill level 7 in Axes
  2613 | D:4      | Reached XP level 6. HP: 38/57 MP: 5/5
  2781 | D:2      | Reached *** piety under Trog
  3587 | D:4      | Reached skill level 8 in Axes
  3635 | D:4      | Found a burning altar of Makhleb.
  3764 | D:4      | Reached XP level 7. HP: 63/63 MP: 6/6
  4163 | D:4      | Noticed Sigmund
  4171 | D:4      | Killed Sigmund
  4171 | D:4      | Reached skill level 9 in Axes
  4206 | D:5      | Entered Level 5 of the Dungeon
  4301 | D:5      | Noticed Ijyb
  4310 | D:5      | Killed Ijyb
  4342 | D:5      | Noticed Nightblair's ghost (novice HOFi)
  4357 | D:5      | Killed Nightblair's ghost
  4357 | D:5      | Reached skill level 10 in Axes
  4357 | D:5      | Reached XP level 8. HP: 44/74 MP: 7/7
  4557 | D:5      | Noticed Grinder
  4571 | D:5      | Killed Grinder
  4680 | D:5      | Reached skill level 11 in Axes
  4682 | D:5      | Reached **** piety under Trog
  4827 | D:5      | Found a staircase to the Ecumenical Temple.
  5352 | D:5      | Reached XP level 9. HP: 82/82 MP: 8/8
  5724 | D:6      | Reached skill level 12 in Axes
  5966 | D:6      | Gained mutation: Your system is resistant to poisons. (rPois) [mutagenic meat]
  5967 | D:6      | Gained mutation: You possess an exceptional clarity of mind. [mutagenic meat]
  6202 | D:6      | Noticed a two-headed ogre
  6218 | D:6      | Killed a two-headed ogre
  6218 | D:6      | Reached skill level 13 in Axes
  6631 | D:7      | Reached skill level 10 in Fighting
  6993 | D:7      | Found an iron altar of Okawaru.
  7240 | D:8      | Reached ***** piety under Trog
  7629 | D:8      | Reached XP level 10. HP: 42/93 MP: 9/9
  7629 | D:8      | Reached skill level 14 in Axes
  8029 | D:8      | Noticed a two-headed ogre
  8036 | D:8      | Killed a two-headed ogre
  8042 | D:8      | Reached skill level 15 in Axes
  9742 | D:9      | Found a staircase to the Lair.
  9750 | D:9      | Reached skill level 16 in Axes
  9750 | D:9      | Reached XP level 11. HP: 78/104 MP: 10/10
 10192 | D:9      | Found a sparkling altar of Nemelex Xobeh.
 10869 | D:10     | Entered Level 10 of the Dungeon
 10887 | D:10     | Killed an unseen horror
 11067 | D:10     | Noticed Grum
 11071 | D:10     | Killed Grum
 11074 | D:10     | Reached skill level 5 in Dodging
 11542 | D:10     | Noticed a skeletal warrior
 11555 | D:10     | Killed a skeletal warrior
 11555 | D:10     | Reached skill level 5 in Armour
 11688 | Lair:1   | Entered Level 1 of the Lair of Beasts
 11727 | Lair:1   | Found a labyrinth entrance.
 11735 | Lab      | Entered a labyrinth
 12046 | Lab      | Noticed a minotaur
 12055 | Lab      | Killed a minotaur
 12055 | Lab      | Reached XP level 12. HP: 106/115 MP: 11/11
 12075 | Lab      | Got a shimmering long sword
 12211 | Lair:1   | Received a gift from Trog
 12219 | Lair:1   | Identified the cursed +1 long sword of Floods {venom, rElec rF- Dex+2} (You found it in a labyrinth)
 12904 | Lair:2   | Noticed toffzen's ghost (novice DrIE)
 12924 | Lair:2   | Killed toffzen's ghost
 13211 | Lair:2   | Found a staircase to the Snake Pit.
 13891 | Lair:2   | Found a staircase to the Shoals.
 13913 | Lair:2   | Reached skill level 17 in Axes
 14354 | Lair:3   | Noticed Harold
 14369 | Lair:3   | Killed Harold
 14719 | Lair:3   | Reached XP level 13. HP: 119/124 MP: 12/12
 15077 | Lair:4   | Reached ****** piety under Trog
 15480 | Lair:4   | Noticed mora's ghost (journeyman GrFi)
 15492 | Lair:4   | Killed mora's ghost
 15528 | Lair:4   | Found a glowing silver altar of Zin.
 15583 | Lair:4   | Received a gift from Trog
 15634 | Lair:4   | Reached skill level 10 in Dodging
 15683 | Lair:4   | Reached skill level 18 in Axes
 16409 | Lair:5   | Found a viscous altar of Jiyva.
 16409 | Lair:5   | Found a staircase to the Slime Pits.
 16822 | Lair:6   | Entered Level 6 of the Lair of Beasts
 16919 | Lair:5   | HP: 6/125 [death yak (19)]
 16924 | Lair:5   | Mangled by a death yak

Skill      XL: |  1  2  3  4  5  6  7  8  9 10 11 12 13 |
---------------+----------------------------------------+-----
Axes           | 4 5 7 8 10 11 13 16 17 18 | 18.5
Fighting       | 4 5 6 7 8 10 11 13 14 | 14.8
Dodging        | 7 9 10 | 10.6
Armour         | 5 8 9 |  9.6

Action                   |  1- 3 |  4- 6 |  7- 9 | 10-12 | 13-15 || total
-------------------------+-------+-------+-------+-------+-------++-------
Melee: Hand axe          |    78 |   105 |   222 |       |       ||   405
       Headbutt          |    15 |    12 |    55 |   101 |    31 ||   214
       War axe           |       |       |    35 |   261 |       ||   296
       Executioner's axe |       |       |       |   189 |    59 ||   248
       Battleaxe         |       |       |       |       |    82 ||    82
Invok: Berserk           |       |       |     6 |     8 |     3 ||    17
       Burn Spellbooks   |       |       |       |     1 |     1 ||     2
       Brothers in Arms  |       |       |       |       |     1 ||     1
  Use: Scroll            |       |     1 |       |    17 |     1 ||    19
       Potion            |       |       |       |    10 |     4 ||    14
 Stab: Petrified         |       |       |       |       |     5 ||     5
  Eat: Chunk             |     3 |     6 |    17 |    29 |     8 ||    63
       Fruit             |       |       |     1 |     3 |       ||     4
Armor: Animal skin       |     7 |    14 |       |       |       ||    21
       Chain mail        |       |     7 |   108 |    42 |       ||   157
       Steam dragon scal |       |       |       |    74 |    36 ||   110
Dodge: Dodged            |    62 |    60 |    97 |   294 |   137 ||   650
Block: Buckler           |     2 |    12 |    34 |    23 |       ||    71
